 Dungeon Crawl Stone Soup version 0.30-a0-870-gc5d4c5acee (webtiles) character file.

Game seed: 4311381616756055304

13 cyrusq56 the Digger (level 2, 0/24 HPs)
             Began as a Troll Earth Elementalist on Mar 4, 2023.
             Succumbed to a kobold's poison
             ... on level 1 of the Dungeon on Mar 11, 2023.
             The game lasted 00:04:16 (489 turns).

cyrusq56 the Digger (Troll Earth Elementalist)       Turns: 489, Time: 00:04:17

Health: 0/24       AC:  4    Str: 15    XL:     2   Next: 24%
Magic:  3/3        EV:  9    Int: 11    God:
Gold:   30         SH:  0    Dex: 10    Spells: 3/4 levels left

rFire   . . .      SeeInvis .    (no weapon)
rCold   . . .      Faith    .    (no shield)
rNeg    . . .      Spirit   .    a - +0 robe
rPois   .          Reflect  .    (helmet restricted)
rElec   .          Rampage  .    (no cloak)
rCorr   .                        (gloves unavailable)
Will    .....                    (boots unavailable)
Stlth   +                        (no amulet)
HPRegen 1.04/turn                (no ring)
MPRegen 0.08/turn                (no ring)

@: lethally poisoned (0 -> -2)
A: large, unfitting armour, claws 3, regeneration 1, shaggy fur 1, tough skin 1
a: no special abilities


You were on level 1 of the Dungeon.
You visited 1 branch of the dungeon, and saw 1 of its levels.

You collected 30 gold pieces.

Inventory:

Hand Weapons
 f - a +0 dagger
Armour
 a - a +0 robe (worn)
 c - a +0 robe
 e - a +0 helmet
Jewellery
 d - a ring of wizardry
Scrolls
 g - 3 scrolls of poison {unknown}
Potions
 b - a potion of magic


   Skills:
 + Level 1.6 Dodging
 + Level 1.0 Stealth
 + Level 0.2 Unarmed Combat
 + Level 1.5 Spellcasting
 + Level 0.6 Transmutations
 + Level 3.0 Earth Magic


You had 3 spell levels left.
You knew the following spells:

 Your Spells              Type           Power      Damage    Failure   Level
a - Sandblast             Erth           14%        2d6       9%          1

Your spell library contained the following spells:

 Spells                   Type           Power      Damage    Failure   Level
 Passwall                 Tmut/Erth      3%         N/A       22%         2
 Stone Arrow              Conj/Erth      8%         3d7       45%         3
 Petrify                  Tmut/Erth      4%         N/A       82%         4


Dungeon Overview and Level Annotations

Branches:
Dungeon (1/15)

Altars:


Innate Abilities, Weirdness & Mutations

You are too large for most types of armour.
You have claws for hands.
Your natural rate of healing is unusually fast.
You are covered in fur. (AC +1)
You have tough skin. (AC +1)


Message History

You see here a ball python corpse.
HP restored.
You see here a ball python corpse.
You now have 30 gold pieces (gained 12).
Found a whip.
Found 13 gold pieces.
A kobold comes into view. It is wielding a +1 dagger of venom.
Found 4 gold pieces.
You see here 13 gold pieces.
A hobgoblin comes into view.
The hobgoblin shouts!
The kobold hits you with a +1 dagger of venom.
You are poisoned.
A kobold comes into view. It is wielding a +0 short sword.
You feel very sick.
The kobold hits you with a +1 dagger of venom.
You closely miss the kobold.
You feel very sick.
The kobold hits you with a +1 dagger of venom.
The kobold shouts!
You scratch the kobold but do no damage.
You feel sick. The kobold hits you but does no damage.
You are more poisoned.
You scratch the kobold.
The kobold is moderately wounded.
You feel very sick. The hobgoblin hits you.
You scratch the kobold.
You kill the kobold!
You feel very sick. The hobgoblin hits you.
* * * LOW HITPOINT WARNING * * *
The kobold hits you with a +1 dagger of venom.
* * * LOW HITPOINT WARNING * * *
You scratch the kobold.
You kill the kobold!
* * * LOW HITPOINT WARNING * * *
You feel sick.
The hobgoblin hits you but does no damage.
You die...

### #..
#.# ##.#
####..#
.....#
#g)#####$#
#..@$....#
#
#..#.#####
#. #....#
#)##....##
#........#
##.......#
#.......#
....
###...###
... #...#
...


You could see a hobgoblin.

Vanquished Creatures
  4 ball pythons (D:1)
  An endoplasm (D:1)
  3 goblins (D:1)
  A frilled lizard (D:1)
  4 kobolds (D:1)
13 creatures vanquished.

Notes
Turn   | Place    | Note
-------+----------+-------------------------------------------
     0 | D:1      | cyrusq56 the Troll Earth Elementalist began the quest for
                  | the Orb.
     0 | D:1      | Reached XP level 1. HP: 16/16 MP: 1/1
   172 | D:1      | Upgraded the game from 0.30-a0-852-g08b95dd62f to
                  | 0.30-a0-870-gc5d4c5acee
   322 | D:1      | Reached XP level 2. HP: 24/24 MP: 3/3
   387 | D:1      | Reached skill level 3 in Earth Magic
   488 | D:1      | HP: 1/24 [poisoned by a kobold]
   489 | D:1      | Succumbed to a kobold's poison

Illustrated notes

Levels and vault maps discovered:
D:1:      evilmike_arrival_fibonacci_small, layout_loops_cross, serial_shops,
          shop, hellmonk_ecumenical_altar_slurped_away, dk_noncrumbling_3,
          kennysheep_minor_cross, chequers_avenue

Skill      XL: |  1  2 |
---------------+-------+-----
Earth Magic    | 3 |  3.0
Dodging        | |  1.6
Stealth        | |  1.0
Unarmed Combat | |  0.2
Spellcasting   | |  1.5
Transmutations | |  0.6

Action                     || total
---------------------------++-------
  Melee: Unarmed           ||    39
   Stab: Sleeping          ||     1
 Armour: Robe              ||    14
  Dodge: Dodged            ||    13

Table legend: (Time is in decaauts)
 A = Elapsed time spent in this place.
 B = Non-inter-level travel time spent in this place.
 C = Inter-level travel time spent in this place.
 D = Time resting spent in this place.
 E = Time spent auto-exploring this place.
 F = Levels seen in this place.
 G = Mean time per level.
                   A        B        C        D        E       F      G
               +--------+--------+--------+--------+--------+-----+--------+
         Total |    489 |    460 |     29 |      0 |      0 |   1 |  489.0 |
       Dungeon |    489 |    460 |     29 |      0 |      0 |   1 |  489.0 |
               +--------+--------+--------+--------+--------+-----+--------+

Top non-repeatable levels by time:
     D:1: 489 daAuts
